 Dungeon Crawl Stone Soup version 0.27.1-3-gb3d3a73c9e (webtiles) character file.

Game seed: 3422704130792976066

200 omarspendo the Covered (level 5, -5/47 HPs)
             Began as a Hill Orc Fighter on Oct 21, 2021.
             Killed by nerve-wracking pain
             ... invoked by Grinder
              (11 damage)
             ... on level 3 of the Dungeon.
             The game lasted 00:11:48 (4840 turns).

omarspendo the Covered (Hill Orc Fighter)           Turns: 4840, Time: 00:11:49

Health: -5/47      AC: 11    Str: 19    XL:     5   Next: 79%
Magic:  5/5        EV:  7    Int:  8    God:
Gold:   93         SH:  9    Dex: 11    Spells: 4/4 levels left

rFire    . . .     SeeInvis .   a - +0 war axe
rCold    . . .     Faith    .   c - +0 kite shield
rNeg     . . .     Spirit   .   b - +0 scale mail
rPois    .         Reflect  .   (no helmet)
rElec    .         Harm     .   (no cloak)
rCorr    .         Rampage  .   (no gloves)
Will     .....                  (no boots)
Stlth    ..........             (no amulet)
HPRegen  0.15/turn              q - +4 ring of protection
MPRegen  0.09/turn              (no ring)

@: no status effects
A: no striking features
a: no special abilities


You were on level 3 of the Dungeon.
You visited 1 branch of the dungeon, and saw 3 of its levels.

You collected 93 gold pieces.

Inventory:

Hand Weapons
 a - a +0 war axe (weapon)
 f - a +0 triple crossbow
 l - a +0 rapier of electrocution
Missiles
 e - 56 arrows
 k - 16 poisoned darts (quivered)
Armour
 b - a +0 scale mail (worn)
 c - a +0 kite shield (worn)
Jewellery
 q - a +4 ring of protection (left hand)
Scrolls
 h - a scroll of noise {unknown}
 i - a scroll of enchant armour {unknown}
 n - a scroll of blinking {unknown}
 o - a scroll of amnesia
 r - a scroll of magic mapping {unknown}
 s - a scroll of summoning {unknown}
 t - a scroll of brand weapon {unknown}
Potions
 d - a potion of might
 g - a potion of mutation {unknown}
 j - a potion of curing {unknown}
 m - 2 potions of magic {unknown}
 p - a potion of resistance {unknown}


   Skills:
 + Level 4.4 Fighting
 + Level 4.5 Axes
 + Level 4.6 Armour
 + Level 1.0 Dodging
 + Level 0.1 Stealth
 + Level 4.2 Shields


You had 4 spell levels left.
You didn't know any spells.
Your spell library contained the following spells:

 Spells                   Type           Power      Damage    Failure   Level
 Conjure Flame            Conj/Fire      0%         6-21      100%        3
 Ignite Poison            Fire/Tmut/Pois 0%         N/A       100%        3
 Sticky Flame             Conj/Fire      0%         2d3       100%        4


Dungeon Overview and Level Annotations

Branches:
Dungeon (3/15)

Altars:

Annotations:
D:3 Grinder


Message History

You closely miss Grinder.
Grinder is lightly wounded.
You block Grinder's attack.
Grinder blinks!
You slash Grinder!
Grinder is heavily wounded.
Grinder hits you but does no damage.
You hit Grinder.
Grinder is heavily wounded.
You block Grinder's attack. Grinder hits you but does no damage.
You closely miss Grinder.
Grinder is heavily wounded.
Grinder gestures at you. Pain shoots through your body!
You closely miss Grinder.
Grinder is heavily wounded.
You block Grinder's attack. Grinder hits you but does no damage.
You hit Grinder.
Grinder is severely wounded.
You block Grinder's attack.
You closely miss Grinder.
Grinder is severely wounded.
Grinder hits you but does no damage. x2
You barely miss Grinder.
Grinder is severely wounded.
Grinder hits you!
You writhe in agony.
* * * LOW HITPOINT WARNING * * *
You closely miss Grinder.
Grinder is severely wounded.
Grinder gestures at you. Pain shoots through your body!
* * * LOW HITPOINT WARNING * * *
Grinder says, "FISH!"
Grinder closely misses you.
You hit Grinder but do no damage.
Grinder is severely wounded.
Grinder blinks!
Grinder blinks!
Grinder gestures at you. Pain shoots through your body!
You die...

....## ..### .# ### .#
{# ## ##.## #.## #...#
#..# ##### #..# #.##
....######.#########..#
###...........5.@.....#
#####################


You could see Grinder.

Vanquished Creatures
  Purgy (D:3)
  Natasha (D:3)
  3 adders
  A worm (D:2)
  7 bats
  3 endoplasms
  2 giant cockroaches
  4 goblins
  4 hobgoblins
  4 kobolds
  3 quokkas
  7 ball pythons
  4 frilled lizards
  4 rats
48 creatures vanquished.

Notes
Turn   | Place    | Note
-------+----------+-------------------------------------------
     0 | D:1      | omarspendo the Hill Orc Fighter began the quest for the
                  | Orb.
     0 | D:1      | Reached XP level 1. HP: 19/19 MP: 1/1
  1010 | D:1      | Reached XP level 2. HP: 21/27 MP: 2/2
  2373 | D:2      | Reached XP level 3. HP: 28/33 MP: 3/3
  3913 | D:3      | Reached XP level 4. HP: 33/40 MP: 4/4
  4225 | D:3      | Noticed Purgy
  4249 | D:3      | Killed Purgy
  4250 | D:3      | Reached XP level 5. HP: 30/47 MP: 5/5
  4537 | D:3      | Noticed Natasha
  4548 | D:3      | Killed Natasha
  4549 | D:3      | Reached skill level 1 in Dodging
  4778 | D:3      | Noticed Grinder
  4803 | D:3      | Paralysed by something for 7 turns
  4815 | D:3      | Paralysed by something for 2 turns
  4819 | D:3      | Paralysed by something for 6 turns
  4840 | D:3      | Killed from afar by Grinder

Illustrated notes

Levels and vault maps discovered:
D:1:      nagdon_arrival_zigzag_paths, layout_basic, minmay_shallow_snake_nest
D:2:      layout_basic
D:3:      layout_rooms, grunt_temple_overflow_cloverleaf, st_stairs_4,
          uniq_robin, uniq_grinder, uniq_natasha, uniq_purgy

Skill      XL: |  1  2  3  4  5 |
---------------+----------------+-----
Axes           | 3 4 |  4.5
Fighting       | 4 |  4.4
Armour         | 4 |  4.6
Shields        | 4 |  4.2
Dodging        | 1 |  1.0
Stealth        | |  0.1

Action                   |  1- 3 |  4- 6 || total
-------------------------+-------+-------++-------
Melee: War axe           |   129 |    54 ||   183
  Use: Scroll            |       |     1 ||     1
       Potion            |       |     1 ||     1
Armor: Scale mail        |    68 |    50 ||   118
Dodge: Dodged            |    43 |    34 ||    77
Block: Kite shield       |    82 |    47 ||   129
